 Dungeon Crawl Stone Soup version 0.29-a0-322-g68df515428 (webtiles) character file.

Game seed: 18093769940654482783

972 jisko22 the Firebug (level 8, 0/68 HPs)
             Began as a Hill Orc Fire Elementalist on Apr 6, 2022.
             Was an Initiate of Vehumet.
             Shot with a sling bullet by a human (10 damage)
             ... on level 6 of the Dungeon.
             The game lasted 00:27:44 (10323 turns).

jisko22 the Firebug (Hill Orc Fire Elementalist)   Turns: 10323, Time: 00:27:45

Health: 0/68       AC:  6    Str: 11    XL:     8   Next: 16%
Magic:  4/12       EV: 11    Int: 17    God:    Vehumet [......]
Gold:   311        SH:  0    Dex: 11    Spells: 3/13 levels left

rFire   . . .      SeeInvis .   a - +0 hand axe
rCold   . . .      Faith    .   (no shield)
rNeg    . . .      Spirit   .   h - +0 leather armour
rPois   .          Reflect  .   q - +1 hat
rElec   .          Harm     .   (no cloak)
rCorr   .          Rampage  .   f - +1 pair of gloves
Will    .....                   (no boots)
Stlth   +.........              (no amulet)
HPRegen 0.21/turn               (no ring)
MPRegen 0.13/turn               (no ring)

@: brilliant, very slightly contaminated, hasted, invisible, very quick
A: no striking features
a: Renounce Religion


You were on level 6 of the Dungeon.
You worshipped Vehumet.
Vehumet was noncommittal.
You visited 2 branches of the dungeon, and saw 7 of its levels.

You collected 311 gold pieces.

Inventory:

Hand Weapons
 a - a +0 hand axe (weapon)
 b - a +0 short sword of venom
 d - a +0 trident
Missiles
 r - 38 stones
 v - 3 silver javelins
 w - 2 throwing nets
Armour
 f - a +1 pair of gloves (worn)
 g - a +0 ring mail
 h - a +0 leather armour (worn)
 p - a +1 scale mail of poison resistance
 q - a +1 hat (worn)
 x - a +0 chain mail
 z - a +0 robe
 A - a scarf of harm
Magical Staves
 n - a staff of poison
Wands
 y - a wand of digging (9)
Scrolls
 c - a scroll of enchant armour
 i - 3 scrolls of identify
Potions
 e - a potion of magic
 k - a potion of cancellation
 l - 2 potions of resistance
 s - a potion of degeneration {unknown}
 t - a potion of flight {unknown}
 u - a potion of mutation {unknown}


   Skills:
 - Level 5.0 Fighting
 * Level 3.1 Axes
 + Level 3.2 Armour
 - Level 1.5 Dodging
 - Level 1.5 Stealth
 + Level 3.0 Spellcasting
 + Level 3.3 Conjurations
 * Level 6.1 Fire Magic
 + Level 0.8 Evocations


You had 3 spell levels left.
You knew the following spells:

 Your Spells              Type           Power      Damage    Failure   Level
a - Foxfire               Conj/Fire      100%       2x1d9     3%          1
b - Scorch                Fire           70%        2d8       2%          2
c - Conjure Flame         Conj/Fire      27%        6-21      10%         3
d - Flame Wave            Conj/Fire      27%        2d7       32%         4

Your spell library contained the following spells:

 Spells                   Type           Power      Damage    Failure   Level
 Inner Flame              Hex/Fire       19%        N/A       19%         3
 Call Canine Familiar     Summ           3%         N/A       54%         3
 Ozocubu's Armour         Ice            3%         N/A       54%         3
 Portal Projectile        Hex/Tloc       6%         N/A       54%         3
 Leda's Liquefaction      Hex/Erth       1%         N/A       91%         4
 Metabolic Englaciation   Hex/Ice        1%         N/A       99%         5
 Simulacrum               Ice/Necr       1%         N/A       100%        6


Dungeon Overview and Level Annotations

Branches:
Dungeon (6/15)             Temple (1/1) D:6

Altars:
Ashenzari
Cheibriados
Dithmenos
Elyvilon
Fedhas
Gozag
Hepliaklqana
Kikubaaqudgha
Makhleb
Nemelex Xobeh
Okawaru
Qazlal
Ru
Sif Muna
Trog
Uskayaw
Vehumet
Wu Jian
Yredelemnul
Zin
The Shining One

Shops:
D:5 [

Annotations:
D:4 2 runed translucent doors, Slifar's ghost, amateur DrFE
D:5 Grinder


Message History

Casting: Foxfire (safe; 3% risk of failure)
Confirm with . or Enter, or press ? or * to list all spells.
You miscast Foxfire.
Nothing appears to happen.
A human comes into view. It is wielding a +0 mace.
Unknown command.
Casting: Foxfire (safe; 3% risk of failure)
Confirm with . or Enter, or press ? or * to list all spells.
Flames lash the human.
The human is severely wounded.
The human's fire resistance burns away.
The human shoots a sling bullet.
The sling bullet barely misses you.
Casting: Scorch (safe; 2% risk of failure)
Confirm with . or Enter, or press ? or * to list all spells.
Flames lash the human.
The human is burned terribly!
The human is almost dead.
The human hits you with a +0 club!
You hit the human but do no damage.
The human is almost dead.
You closely miss the human.
The human is almost dead.
The human shoots a sling bullet.
The sling bullet hits you! The human hits you with a +0 club.
You hit the human but do no damage.
The human is almost dead.
The human shoots a sling bullet.
The sling bullet hits you. The human hits you with a +0 club!
Okay, then.
The human hits you with a +0 club. The human attacks as you move away!
The human hits you with a +0 club!
* * * LOW HITPOINT WARNING * * *
The human shoots a sling bullet.
The sling bullet hits you!
* * * LOW HITPOINT WARNING * * *
It was a potion of haste.
You feel yourself speed up. The human misses you.
It was a potion of brilliance.
You feel clever all of a sudden.
It was a potion of invisibility.
You fade into invisibility!
The human completely misses you.
The human shoots a sling bullet.
The sling bullet hits you!
You die...

#....#......#..........# .#
#....#......#..........# .
#....#......#..........# p. p.
#....#......#..........+ ...
'...##..##..###'##.....# ....
#...##..##..'....+.....####...
#...#.......#....#..........#
#...#.......##+###..........#
..).#.......#...@.p.........#
....#...#####...pp..........#
....#...#..............######
....#####...........)..#
....#........#####.....#
#...#........'...#.....#
#...#>.......#...#.....#
#...#....#####...#.....#
#...#....#.......+.....#


You could see 3 humans.

Vanquished Creatures
  2 ice beasts
  2 black bears
  2 centaurs (D:6)
  A scorpion (D:6)
  An orc priest (D:5)
  2 hounds (D:4)
  3 iguanas
  2 orc wizards (D:5)
  Terence (D:2)
  5 adders
  4 gnolls
  A worm (D:3)
  3 dart slugs
  4 orcs
  5 ball pythons
  5 endoplasms
  5 giant cockroaches
  5 goblins
  6 hobgoblins
  5 jackals
  2 quokkas
  5 bats
  3 frilled lizards
  4 kobolds
  4 rats
82 creatures vanquished.

Vanquished Creatures (others)
  295 foxfires
295 creatures vanquished.

Grand Total: 377 creatures vanquished

Notes
Turn   | Place    | Note
-------+----------+-------------------------------------------
     0 | D:1      | jisko22 the Hill Orc Fire Elementalist began the quest for
                  | the Orb.
     0 | D:1      | Reached XP level 1. HP: 14/14 MP: 3/3
   623 | D:1      | Reached skill level 1 in Fighting
   623 | D:1      | Reached XP level 2. HP: 9/23 MP: 0/4
  1063 | D:1      | Learned a level 2 spell: Scorch
  1822 | D:1      | Found a faded altar of an unknown god.
  2531 | D:2      | Reached XP level 3. HP: 27/29 MP: 3/5
  3060 | D:2      | Noticed Terence
  3261 | D:3      | Reached skill level 1 in Armour
  3261 | D:3      | Reached XP level 4. HP: 36/36 MP: 2/6
  3263 | D:3      | Reached skill level 4 in Fire Magic
  3307 | D:3      | Noticed a black bear
  3954 | D:4      | Noticed a black bear
  3991 | D:4      | Noticed an ice beast
  4016 | D:4      | Killed an ice beast
  4017 | D:4      | Reached XP level 5. HP: 14/45 MP: 0/8
  4437 | D:3      | Learned a level 3 spell: Conjure Flame
  4568 | D:3      | Killed a black bear
  4569 | D:3      | Reached XP level 6. HP: 48/52 MP: 6/9
  5149 | D:2      | Killed Terence
  5286 | D:4      | Found a runed translucent door.
  5328 | D:4      | Noticed Slifar's ghost (amateur DrFE)
  5762 | D:4      | Found a runed translucent door.
  5926 | D:4      | Identified the +1 leather armour "Qoosaaw" {MP-9 Str+2
                  | Dex+5 Stlth+}
  6015 | D:4      | Killed a black bear
  6016 | D:4      | Reached skill level 5 in Fire Magic
  6384 | D:5      | Entered Level 5 of the Dungeon
  6384 | D:5      | Found Idotudgh's Armour Boutique.
  6394 | D:4      | Reached XP level 7. HP: 54/59 MP: 3/10
  7078 | D:5      | Noticed Grinder
  7083 | D:5      | Paralysed by Grinder for 6 turns
  7813 | D:4      | Learned a level 4 spell: Flame Wave
  8365 | D:5      | Paralysed by Grinder for 5 turns
  8700 | D:6      | Reached skill level 1 in Axes
  8908 | D:6      | Reached skill level 5 in Fighting
  9023 | D:6      | Noticed a human
  9132 | D:6      | Reached skill level 6 in Fire Magic
  9132 | D:6      | Reached XP level 8. HP: 68/68 MP: 2/12
  9324 | D:6      | Found a staircase to the Ecumenical Temple.
  9371 | Temple   | Entered the Ecumenical Temple
 10217 | Temple   | Became a worshipper of Vehumet
 10323 | D:6      | Shot with a sling bullet by a human

Illustrated notes

Levels and vault maps discovered:
D:1:      evilmike_arrival_hilbert_curve, layout_loops_ring,
          shapermc_ecumenical_altar_flowoftime
D:2:      layout_basic, hangedman_decor_clover_reticule, uniq_terence
D:3:      layout_basic, chequers_serial_rivers_small_3
D:4:      layout_basic, ebering_ghost_sewer_f, kennysheep_generic_room_8
D:5:      layout_basic, serial_shops, shop_fountains, uniq_grinder
D:6:      layout_gridville, minmay_temple_entry_junction_2, minmay_ruffians
Temple:   mainiacjoe_temple_trianglar_array

Skill      XL: |  1  2  3  4  5  6  7  8 |
---------------+-------------------------+-----
Fighting       | 1 2 3 4 5 |  5.0
Armour         | 1 2 3 |  3.2
Fire Magic     | 4 5 6 |  6.1
Spellcasting   | 2 3 |  3.0
Conjurations   | 2 3 |  3.3
Axes           | 2 3 |  3.1
Dodging        | |  1.5
Stealth        | |  1.5
Evocations     | |  0.8

Action                   |  1- 3 |  4- 6 |  7- 9 || total
-------------------------+-------+-------+-------++-------
Melee: Unarmed           |     8 |       |       ||     8
       Short sword       |    40 |    17 |    22 ||    79
       Hand axe          |       |       |    23 ||    23
       Punch             |       |       |     1 ||     1
 Cast: Foxfire           |    58 |    65 |    52 ||   175
       Scorch            |     1 |    13 |    24 ||    38
       Conjure Flame     |       |     1 |       ||     1
  Use: Scroll            |     6 |     2 |     5 ||    13
       Potion            |     2 |     1 |     5 ||     8
 Stab: Sleeping          |     2 |       |     1 ||     3
Armor: Robe              |    10 |       |       ||    10
       Leather armour    |    15 |    12 |    41 ||    68
Dodge: Dodged            |    46 |    23 |    81 ||   150

Table legend: (Time is in decaauts)
 A = Elapsed time spent in this place.
 B = Non-inter-level travel time spent in this place.
 C = Inter-level travel time spent in this place.
 D = Time resting spent in this place.
 E = Time spent auto-exploring this place.
 F = Levels seen in this place.
 G = Mean time per level.
                   A        B        C        D        E       F      G
               +--------+--------+--------+--------+--------+-----+--------+
         Total |  10348 |  10065 |    283 |   5562 |   2823 |   7 | 1478.3 |
       Dungeon |   9482 |   9245 |    237 |   5128 |   2440 |   6 | 1580.3 |
        Temple |    865 |    819 |     46 |    434 |    383 |   1 |  865.0 |
               +--------+--------+--------+--------+--------+-----+--------+

Top non-repeatable levels by time:
     D:4: 2448 daAuts
     D:1: 2190 daAuts
     D:3: 1660 daAuts
     D:5: 1325 daAuts
     D:2: 1048 daAuts
  Temple: 865 daAuts
     D:6: 810 daAuts
